 Dungeon Crawl Stone Soup version 0.29.1-2-gbd0b4ee654 (webtiles) character file.

Game seed: 17798441366353759461

572 safid the Shooter (level 7, -11/64 HPs)
             Began as a Minotaur Hunter on Nov 15, 2022.
             Mangled by Pikel
             ... wielding a +1 whip of electrocution
              (20 damage)
             ... on level 4 of the Dungeon.
             The game lasted 00:04:14 (2980 turns).

safid the Shooter (Minotaur Hunter)                 Turns: 2980, Time: 00:04:15

Health: -11/64     AC:  6    Str: 15    XL:     7   Next: 12%
Magic:  6/6        EV: 10    Int:  6    God:
Gold:   125        SH:  0    Dex: 22    Spells: 6/6 levels left

rFire   . . .      SeeInvis .   a - +0 shortbow
rCold   . . .      Faith    .   (shield currently unavailable)
rNeg    . . .      Spirit   .   m - +0 scale mail
rPois   .          Reflect  .   (helmet restricted)
rElec   .          Harm     .   (no cloak)
rCorr   .          Rampage  .   (no gloves)
Will    .....                   (no boots)
Stlth   +.........              (no amulet)
HPRegen 0.20/turn               r - +6 ring of dexterity
MPRegen 0.10/turn               (no ring)

@: no status effects
A: horns 2, retaliatory headbutt
a: no special abilities


You were on level 4 of the Dungeon.
You visited 1 branch of the dungeon, and saw 4 of its levels.

You collected 125 gold pieces.

Inventory:

Hand Weapons
 a - a +0 shortbow (weapon)
Missiles
 k - a throwing net
Armour
 m - a +0 scale mail (worn)
Jewellery
 r - a +6 ring of dexterity (left hand)
Wands
 b - a wand of flame (31)
Scrolls
 c - a scroll of enchant armour {unknown}
 d - 3 scrolls of teleportation {unknown}
 e - a scroll of torment {unknown}
 j - a scroll of fear {unknown}
 o - 2 scrolls of vulnerability {unknown}
 q - a scroll of noise {unknown}
Potions
 f - 2 potions of attraction {unknown}
 g - 2 potions of curing
 h - a potion of haste {unknown}
 i - a potion of mutation {unknown}
 l - a potion of magic {unknown}
 n - a potion of cancellation {unknown}
 p - 2 potions of brilliance {unknown}


   Skills:
 + Level 6.8 Fighting
 + Level 7.4 Ranged Weapons
 - Level 2.1 Dodging
 - Level 0.7 Stealth


You had 6 spell levels left.
You didn't know any spells.
Your spell library contained the following spells:

 Spells                   Type           Power      Damage    Failure   Level
 Scorch                   Fire           0%         2d5       97%         2
 Flame Wave               Conj/Fire      0%         2d4       100%        4
 Summon Cactus Giant      Summ           0%         N/A       100%        6


Dungeon Overview and Level Annotations

Branches:
Dungeon (4/15)
 Temple: D:4-7

Altars:
The Shining One

Annotations:
D:4 Pikel


Innate Abilities, Weirdness & Mutations

You have a pair of horns on your head.
You reflexively headbutt those who attack you in melee.


Message History

The arrow hits Pikel but does no damage.
Pikel is moderately wounded.
Pikel hits you with a +1 whip of electrocution.
Unknown command.
Fire: a) +0 shortbow
Press: ? - help, Q - select action, (/) - cycle Shift-Dir - straight line, f/p - Pikel
Aim: Pikel, wielding a +1 whip of electrocution and wearing a +0 robe (moderately wounded, 63% to hit)
You shoot an arrow. The arrow closely misses Pikel.
The arrow hits the lemure.
The lemure is moderately wounded.
Pikel hits you but does no damage.
An endoplasm comes into view.
Unknown command.
Fire: a) +0 shortbow
Press: ? - help, Q - select action, (/) - cycle Shift-Dir - straight line, f/p - Pikel
Aim: Pikel, wielding a +1 whip of electrocution and wearing a +0 robe (moderately wounded, 63% to hit)
You shoot an arrow. The arrow closely misses Pikel.
The arrow completely misses the lemure.
Pikel hits you with a +1 whip of electrocution.
You are electrocuted!
* * * LOW HITPOINT WARNING * * *
Pikel misses you.
Unknown command.
Unknown command.
Fire: a) +0 shortbow
Press: ? - help, Q - select action, (/) - cycle Shift-Dir - straight line, f/p - Pikel
Aim: Pikel, wielding a +1 whip of electrocution and wearing a +0 robe (moderately wounded, 63% to hit)
You shoot an arrow. The arrow barely misses Pikel.
The arrow hits the lemure!
The lemure is severely wounded.
Pikel hits you with a +1 whip of electrocution.
* * * LOW HITPOINT WARNING * * *
Unknown command.
Fire: a) +0 shortbow
Press: ? - help, Q - select action, (/) - cycle Shift-Dir - straight line, f/p - Pikel
Aim: Pikel, wielding a +1 whip of electrocution and wearing a +0 robe (moderately wounded, 63% to hit)
You shoot an arrow. The arrow closely misses Pikel.
The arrow hits the lemure.
The lemure is almost dead.
Pikel hits you with a +1 whip of electrocution.
* * * LOW HITPOINT WARNING * * *
You are electrocuted!!
You die...

#############
#)......@K5.#
#.########S##
#.# J$ #.# ##
#.# #.# #
#######.###..#
........†....#
####....###...#


You could see Pikel, a lemure, an adder and an endoplasm.

Vanquished Creatures
  Grinder (D:3)
  Sigmund (D:3)
  Natasha (thrice) (D:2)
  Robin (D:2)
  A gnoll (D:1)
  4 adders
  A worm (D:2)
  5 dart slugs
  3 orcs
  6 endoplasms
  A giant cockroach (D:1)
  9 goblins
  6 hobgoblins
  4 jackals (D:2)
  4 ball pythons
  3 bats
  A frilled lizard (D:1)
  6 kobolds
  7 rats
67 creatures vanquished.

Notes
Turn   | Place    | Note
-------+----------+-------------------------------------------
     0 | D:1      | safid the Minotaur Hunter began the quest for the Orb.
     0 | D:1      | Reached XP level 1. HP: 18/18 MP: 0/0
    93 | D:1      | Reached XP level 2. HP: 25/25 MP: 1/1
   328 | D:1      | Reached XP level 3. HP: 31/31 MP: 2/2
   346 | D:1      | Reached skill level 5 in Ranged Weapons
   982 | D:2      | Found a faded altar of an unknown god.
   988 | D:2      | Reached XP level 4. HP: 40/40 MP: 3/3
  1009 | D:2      | Noticed Robin
  1017 | D:2      | Killed Robin
  1185 | D:2      | Noticed Natasha
  1193 | D:2      | Killed Natasha
  1253 | D:2      | Noticed Natasha
  1263 | D:2      | Killed Natasha
  1264 | D:2      | Reached XP level 5. HP: 15/47 MP: 4/4
  1711 | D:2      | Noticed Natasha
  1715 | D:2      | Killed Natasha
  1716 | D:2      | Reached skill level 5 in Fighting
  1716 | D:2      | Reached skill level 6 in Ranged Weapons
  2010 | D:3      | Noticed Sigmund
  2019 | D:3      | Killed Sigmund
  2020 | D:3      | Reached XP level 6. HP: 52/57 MP: 5/5
  2214 | D:3      | Noticed Grinder
  2218 | D:3      | Paralysed by Grinder for 3 turns
  2224 | D:3      | Paralysed by Grinder for 5 turns
  2235 | D:3      | Killed Grinder
  2236 | D:3      | Reached skill level 7 in Ranged Weapons
  2236 | D:3      | Reached XP level 7. HP: 29/64 MP: 6/6
  2721 | D:3      | Found a glowing golden altar of the Shining One.
  2965 | D:4      | Noticed Pikel
  2980 | D:4      | Mangled by Pikel

Illustrated notes

Levels and vault maps discovered:
D:1:      amcnicky_arrival_single_pillar, layout_basic
D:2:      layout_loops_ring, nicolae_ecumenical_lake_church, uniq_natasha,
          uniq_robin
D:3:      layout_loops_ring, mainiacjoe_overflow_cross_hatched, uniq_grinder,
          uniq_sigmund
D:4:      old_forge, layout_basic,
          nicolae_gozag_cash_rules_everything_around_me, uniq_pikel, uniq_edmund

Skill      XL: |  1  2  3  4  5  6 |
---------------+-------------------+-----
Fighting       | 3 4 5 6 |  6.8
Ranged Weapons | 5 6 7 |  7.4
Dodging        | |  2.1
Stealth        | |  0.7

Action                   |  1- 3 |  4- 6 |  7- 9 || total
-------------------------+-------+-------+-------++-------
 Fire: Shortbow          |    79 |    82 |    45 ||   206
Armor: Leather armour    |     6 |     3 |       ||     9
       Scale mail        |       |     2 |     8 ||    10
Dodge: Dodged            |    12 |    17 |    14 ||    43
